Map: Blackburn LE

Players

A.I. 1 (Hard) - Winner!

  • Race: Zerg Zerg

NightKnigth

  • Race: Terran Terran

VOD

Have the link to the VOD?

Description

Time

  • Played on: Feb. 28, 2022, 11:21 p.m.
  • Length: 25:02
Show
View Real Time Build Order
Export as new Build Order

A.I. 1 (Hard) Zerg - Winner!

Build Orders: 1 Base Baneling Bust, Pool First, Zergling Baneling 

Get SALT Encoding   

  12  0:00  Drone  
  13  0:12  Overlord  
  13  0:17  Drone  
  14  0:30  Drone  
  14  0:31  Drone  
  16  0:42  Spawning Pool  
  15  0:44  Drone  
  15  0:48  Drone  
  17  0:51  Extractor  
  17  0:55  Drone  
  17  1:05  Overlord  
  17  1:29  Queen  
  17  1:31  Zergling x2  
  20  1:35  Zergling x2, Roach Warren  
  20  1:38  Drone  
  21  1:41  Extractor  
  20  1:49  Drone  
  20  1:54  Baneling Nest  
  20  1:59  Drone  
  21  2:10  Drone  
  22  2:21  Zergling x2  
  23  2:31  Drone  
  23  2:35  Overlord  
  23  2:36  Zergling x2  
  25  2:40  Baneling x2, Zergling x2  
  25  2:41  Baneling  
  26  2:45  Zergling x2  
  26  2:49  Baneling  
  27  2:54  Drone  
  28  3:05  Zergling x2  
  29  3:09  Zergling x2, Overlord  
  30  3:13  Zergling x2  
  30  3:18  Zergling x2  
  32  3:29  Zergling x2  
  32  3:33  Baneling  
  32  3:34  Baneling x2  
  33  3:39  Zergling x2  
  34  3:44  Zergling x2  
  34  3:48  Baneling x2, Zergling x2  
  36  3:50  Evolution Chamber  
  36  3:52  Zergling x2  
  36  3:54  Drone  
  37  4:05  Zergling x2  
  37  4:11  Drone  
  37  4:12  Drone  
  37  4:14  Drone  
  37  4:16  Overlord  
  40  4:27  Drone  
  42  4:38  Drone  
  42  4:43  Drone  
  43  5:31  Zergling x2  
  44  6:09  Metabolic Boost, Lair  
  44  6:10  Zerg Melee Weapons Level 1, Overlord  
  44  6:12  Evolution Chamber  
  44  6:18  Hatchery  
  42  6:19  Drone  
  43  6:37  Zerg Ground Armor Level 1  
  42  6:44  Drone, Spore Crawler  
  42  6:46  Baneling  
  32  6:52  Zergling x2  
  28  6:58  Zergling x2  
  29  7:05  Zergling x2  
  29  7:07  Centrifugal Hooks, Burrow  
  30  7:11  Zergling x2  
  30  7:12  Spire  
  30  7:13  Drone  
  31  7:18  Zergling x2  
  31  7:19  Spore Crawler  
  31  7:21  Drone  
  32  7:24  Zergling x2  
  33  7:30  Queen, Drone  
  33  7:31  Baneling, Zergling x2  
  33  7:32  Drone  
  33  7:34  Drone  
  33  7:35  Drone  
  33  7:36  Drone  
  41  7:38  Drone  
  41  7:40  Drone  
  43  7:44  Drone  
  45  7:51  Drone  
  45  7:53  Drone  
  45  7:55  Drone  
  45  7:56  Drone  
  45  7:57  Drone  
  49  8:02  Drone  
  49  8:05  Zerg Missile Weapons Level 1  
  50  8:07  Drone  
  52  8:12  Drone  
  52  8:15  Overseer  
  52  8:18  Drone  
  53  8:21  Overseer  
  53  8:23  Overlord  
  53  8:24  Mutalisk  
  53  8:26  Spine Crawler  
  54  8:27  Drone  
  54  8:31  Mutalisk  
  54  8:32  Spine Crawler  
  54  8:33  Drone  
  57  8:37  Mutalisk, Spore Crawler  
  57  8:38  Spore Crawler  
  57  8:39  Drone  
  57  8:41  Drone  
  59  8:44  Mutalisk  
  59  8:46  Queen  
  63  8:50  Mutalisk  
  63  8:51  Hydralisk Den  
  63  8:52  Drone  
  65  8:56  Infestation Pit  
  65  8:57  Mutalisk, Drone  
  65  9:02  Drone, Spine Crawler  
  67  9:07  Spine Crawler  
  67  9:08  Drone  
  67  9:23  Extractor  
  66  9:26  Extractor  
  65  9:38  Zergling x2  
  63  9:41  Overlord  
  63  9:44  Zergling x2, Drone  
  49  9:46  Drone  
  49  9:47  Drone  
  49  9:51  Drone  
  49  9:52  Drone  
  53  9:53  Drone  
  53  9:55  Drone  
  53  9:57  Drone x2, Zergling x2  
  50  10:03  Drone  
  50  10:04  Zergling x2  
  50  10:07  Drone  
  49  10:09  Drone x3  
  49  10:10  Zergling x2  
  49  10:11  Drone  
  49  10:12  Drone  
  49  10:20  Mutalisk  
  41  10:21  Drone  
  41  10:24  Drone  
  33  10:30  Drone, Mutalisk  
  33  10:33  Drone  
  34  10:36  Hatchery  
  34  10:40  Mutalisk  
  35  10:50  Mutalisk  
  37  11:00  Drone  
  37  11:01  Zergling x2, Overseer  
  39  11:11  Zergling x2  
  40  11:20  Mutalisk  
  42  11:31  Zergling x2  
  43  11:33  Pneumatized Carapace  
  43  11:40  Corruptor  
  45  11:50  Infestor  
  47  11:55  Drone  
  47  11:59  Drone  
  49  12:03  Drone  
  49  12:07  Drone  
  51  12:11  Drone  
  51  12:14  Drone  
  53  12:17  Hive  
  53  12:28  Overseer  
  53  12:56  Corruptor  
  55  13:06  Corruptor  
  55  13:12  Drone  
  58  13:15  Drone  
  58  13:16  Infestor  
  58  13:17  Drone  
  62  13:20  Drone  
  62  13:23  Drone  
  62  13:26  Drone  
  65  13:30  Drone  
  65  13:31  Overseer  
  65  13:32  Greater Spire  
  54  13:34  Zergling x2  
  54  13:37  Drone  
  42  13:44  Overlord  
  41  13:55  Drone, Corruptor  
  41  14:00  Overseer  
  43  14:05  Drone x4  
  43  14:06  Overlord  
  43  14:08  Drone  
  40  14:10  Drone  
  40  14:13  Zergling x2  
  41  14:40  Corruptor  
  42  14:47  Zergling x2  
  42  14:51  Drone  
  44  14:53  Infestor  
  44  14:54  Drone  
  44  14:59  Overlord  
  47  15:00  Brood Lord x2  
  47  15:06  Corruptor  
  53  15:13  Corruptor  
  53  15:17  Overseer  
  53  15:18  Overlord  
  53  15:21  Brood Lord  
  57  15:26  Zergling x2  
  57  15:32  Corruptor  
  57  15:34  Drone  
  60  15:38  Overlord  
  60  15:41  Drone  
  61  15:43  Drone, Brood Lord  
  61  15:48  Corruptor  
  66  15:51  Drone  
  66  15:53  Drone  
  66  15:55  Drone, Brood Lord  
  71  15:59  Overlord  
  71  16:04  Corruptor  
  71  16:08  Drone  
  71  16:09  Drone  
  77  16:11  Brood Lord  
  77  16:15  Corruptor  
  77  16:18  Drone  
  80  16:21  Overlord  
  80  16:23  Drone  
  80  16:25  Drone  
  82  16:26  Drone  
  82  16:28  Drone  
  82  16:29  Drone  
  82  16:31  Drone  
  82  16:32  Drone  
  87  16:34  Drone  
  87  16:35  Drone  
  89  16:40  Overseer, Overlord  
  89  16:42  Drone  
  89  16:46  Zerg Melee Weapons Level 2  
  90  16:52  Zerg Ground Armor Level 2  
  90  16:59  Overlord  
  90  17:07  Extractor  
  89  17:10  Extractor  
  88  17:16  Overseer  
  88  17:18  Overlord  
  88  17:29  Drone  
  89  17:30  Drone  
  89  17:33  Drone  
  91  17:39  Pathogen Glands  
  91  17:43  Roach  
  93  17:45  Overlord  
  93  17:46  Roach  
  93  17:49  Roach  
  96  17:51  Hydralisk  
  96  17:55  Roach  
  96  17:58  Roach  
  102  18:01  Roach  
  102  18:03  Hydralisk, Overlord  
  106  18:06  Zergling x2  
  106  18:09  Hydralisk  
  106  18:12  Roach  
  111  18:15  Roach  
  103  18:21  Overlord  
  103  18:22  Roach  
  103  18:24  Hatchery  
  100  18:27  Infestor  
  100  18:32  Overseer  
  98  18:37  Overlord x2  
  94  18:43  Overseer  
  90  18:53  Infestor  
  84  18:56  Roach  
  84  18:59  Roach  
  84  19:01  Overlord  
  84  19:02  Roach  
  90  19:04  Hydralisk  
  90  19:07  Hydralisk  
  94  19:10  Hydralisk  
  96  19:18  Infestor  
  98  19:32  Infestor  
  98  19:33  Spore Crawler  
  98  19:37  Drone  
  98  19:38  Drone  
  101  19:39  Drone  
  101  19:41  Drone  
  101  19:42  Drone  
  101  19:44  Drone  
  101  19:45  Drone, Overlord  
  106  19:46  Infestor  
  106  19:47  Extractor, Drone  
  106  19:49  Drone  
  106  19:51  Extractor  
  108  19:54  Drone  
  109  20:00  Zerg Missile Weapons Level 2  
  109  20:05  Spore Crawler  
  109  20:06  Drone  
  109  20:08  Spore Crawler  
  109  20:09  Drone, Glial Reconstitution  
  109  20:13  Spore Crawler  
  109  20:14  Drone  
  109  20:16  Queen  
  109  20:18  Zerg Flyer Weapons Level 1  
  111  20:21  Queen  
  111  20:22  Overlord  
  113  20:29  Spine Crawler  
  113  20:30  Drone  
  113  20:34  Spine Crawler  
  113  20:35  Drone  
  113  20:37  Neural Parasite  
  113  20:38  Spine Crawler  
  113  20:40  Drone  
  113  20:43  Spine Crawler  
  113  20:45  Drone  
  113  20:47  Queen  
  115  20:50  Zerg Melee Weapons Level 3  
  115  20:52  Queen  
  115  20:53  Roach  
  115  20:55  Overlord  
  115  20:56  Roach  
  121  20:59  Roach  
  121  21:02  Roach  
  125  21:04  Hydralisk  
  125  21:07  Hydralisk  
  125  21:11  Zergling x2  
  129  21:13  Overseer x2, Overlord  
  129  21:15  Infestor  
  129  21:16  Hydralisk  
  125  21:20  Roach  
  125  21:22  Hydralisk  
  125  21:25  Hydralisk  
  123  21:28  Hydralisk  
  123  21:32  Roach, Overlord  
  113  21:35  Roach  
  113  21:38  Roach  
  101  21:41  Roach  
  101  21:43  Roach  
  101  21:46  Roach  
  107  21:49  Roach  
  107  21:51  Overlord  
  107  21:52  Roach  
  111  21:55  Roach  
  111  21:58  Roach  
  111  22:01  Overseer, Roach  
  117  22:03  Hydralisk  
  117  22:06  Hydralisk  
  121  22:09  Infestor, Overlord  
  121  22:12  Zerg Flyer Armor Level 1  
  123  22:17  Zerg Ground Armor Level 3  
  123  22:35  Tunneling Claws  
  123  23:37  Hatchery  
  122  23:53  Ultralisk Cavern  
  121  24:10  Spire  
  120  24:18  Overlord  
  120  24:32  Zergling x2  
  78  24:49  Drone  
  81  24:57  Extractor  
  81  24:58  Spore Crawler  
  83  25:01  Spore Crawler  
Show
View Real Time Build Order
Export as new Build Order

NightKnigth Terran 

Build Orders: 2 Factory, Mech 

Get SALT Encoding   

  12  0:00  SCV  
  13  0:12  SCV  
  14  0:18  Supply Depot  
  14  0:24  Supply Depot  
  14  0:26  SCV  
  15  0:42  Refinery  
  15  0:48  Barracks  
  15  0:51  SCV  
  16  1:05  Refinery, SCV  
  17  1:17  SCV  
  18  1:30  SCV  
  19  1:42  SCV  
  19  1:46  Factory  
  20  1:53  Supply Depot  
  20  2:05  Command Center  
  20  2:08  SCV  
  21  2:22  Factory  
  21  2:37  Factory  
  21  2:41  Factory Tech Lab  
  21  2:52  SCV  
  22  3:05  Cyclone  
  25  3:15  Supply Depot  
  25  3:17  Factory Tech Lab  
  25  3:31  SCV  
  26  3:44  Cyclone, SCV  
  26  3:46  Refinery  
  30  3:55  Factory Reactor  
  30  3:57  Refinery  
  30  4:03  SCV  
  30  4:05  Orbital Command  
  31  4:12  Cyclone  
  31  4:15  SCV  
  35  4:27  SCV  
  35  4:30  Cyclone  
  39  4:35  Widow Mine  
  39  4:38  Widow Mine  
  43  4:46  SCV  
  43  4:49  SCV  
  45  4:55  Cyclone  
  45  4:57  Widow Mine  
  45  4:58  SCV  
  45  4:59  Widow Mine  
  53  5:01  SCV  
  54  5:16  Mag-Field Accelerator  
  54  5:25  Supply Depot  
  54  5:38  Cyclone, SCV x2  
  54  5:40  Widow Mine  
  61  5:47  Widow Mine  
  63  5:50  Supply Depot  
  63  5:51  Cyclone  
  63  5:55  SCV  
  67  6:07  Supply Depot, SCV  
  68  6:12  SCV  
  68  6:18  Widow Mine x2  
  73  6:19  Armory  
  73  6:24  SCV  
  74  6:33  Supply Depot  
  74  6:35  Cyclone  
  74  6:36  Cyclone  
  74  6:39  Widow Mine x2  
  73  7:04  Widow Mine x2  
  73  7:08  Drilling Claws, Cyclone  
  77  7:12  Terran Vehicle Weapons Level 1  
  80  7:28  Widow Mine x2  
  84  7:36  Supply Depot  
  84  7:39  Engineering Bay  
  84  7:43  Siege Tank  
  87  7:45  Siege Tank  
  90  7:54  SCV  
  91  8:05  Supply Depot  
  91  8:06  SCV  
  91  8:11  Command Center  
  92  8:19  Cyclone  
  95  8:22  Widow Mine x2  
  95  8:25  Cyclone  
  95  8:26  Marine  
  77  10:46  Cyclone x2  
  77  10:49  Widow Mine x2  
  87  11:06  Orbital Command  
  87  11:12  Widow Mine x2  
  91  11:31  Siege Tank  
  94  11:35  Refinery  
  94  11:47  Cyclone  
  95  11:48  Widow Mine  
  95  11:49  Widow Mine  
  95  11:54  Terran Vehicle And Ship Armor Level 1  
  99  12:09  Cyclone  
  99  12:12  Widow Mine x2  
  106  12:23  Cyclone  
  109  12:37  Neosteel Armor  
  109  12:39  Refinery  
  109  12:41  Cyclone  
  112  12:55  Cyclone  
  115  13:13  Cyclone  
  118  13:27  Cyclone  
  107  13:46  Cyclone  
  110  14:00  Cyclone  
  113  14:18  Cyclone  
  113  14:32  Cyclone  
  115  14:47  Marine  
  115  14:51  Factory  
  116  14:57  Cyclone  
  116  14:58  Widow Mine x2  
  123  15:04  Cyclone  
  124  15:29  Cyclone  
  121  15:36  Cyclone  
  115  15:48  Factory Reactor  
  115  15:50  Factory Tech Lab  
  115  15:54  Starport  
  115  16:02  Terran Vehicle Weapons Level 2  
  115  16:07  Widow Mine x2  
  115  16:08  Cyclone  
  115  16:09  Thor  
  128  16:18  Thor  
  134  16:40  Cyclone  
  134  16:44  Widow Mine x2  
  141  16:47  Command Center  
  141  17:03  Thor  
  147  17:12  Siege Tank, Thor  
  156  17:22  Liberator  
  149  18:13  Thor  
  149  18:14  Thor  
  117  19:00  Thor  
  117  19:01  Thor  
  129  19:04  Cyclone  
  129  19:06  Widow Mine x2  
  136  19:30  Medivac  
  138  19:48  Refinery  
  138  19:50  Refinery  
  138  20:51  Cyclone  
  138  20:52  Cyclone  
  138  20:53  Cyclone  
  147  21:09  Widow Mine x2  
  122  22:24  SCV  
  122  22:26  Cyclone  
  122  22:28  Widow Mine x2  
  130  22:30  Thor  
  130  22:36  SCV  
  137  23:25  Command Center  
  137  23:34  Sensor Tower  
  137  23:37  Thor  
  143  23:42  Factory  
  143  23:44  Factory  
  145  23:48  Widow Mine  
  145  23:49  Widow Mine  
  147  23:59  Cyclone  
  147  24:00  Cyclone  
Tags
 
Add a new tag
Caveats
  • Supply blocks, unpowered buildings, or Contaminate may cause inaccurate times.
  • Supply counts are checked every 10 seconds.